 Dungeon Crawl Stone Soup version 0.28-a0-730-g892d06dc2c (webtiles) character file.

Game seed: 16298486028140163069

90 ytrimaz the Conjurer (level 4, -3/24 HPs)
             Began as a Deep Elf Conjurer on Oct 28, 2021.
             Slain by a gnoll (7 damage)
             ... on level 2 of the Dungeon.
             The game lasted 00:01:33 (1483 turns).

ytrimaz the Conjurer (Deep Elf Conjurer)            Turns: 1483, Time: 00:01:34

Health: -3/24      AC:  3    Str:  4    XL:     4   Next: 32%
Magic:  1/11       EV: 12    Int: 24    God:
Gold:   91         SH:  0    Dex: 13    Spells: 7/10 levels left

rFire   . . .      SeeInvis .   d - +2 dagger (venom)
rCold   . . .      Faith    .   (no shield)
rNeg    . . .      Spirit   .   a - +0 robe
rPois   .          Reflect  .   c - +1 hat {Will+}
rElec   .          Harm     .   (no cloak)
rCorr   .          Rampage  .   (no gloves)
Will    +....                   (no boots)
Stlth   ++........              (no amulet)
HPRegen 0.08/turn               (no ring)
MPRegen 0.12/turn               (no ring)

@: no status effects
A: no striking features
a: no special abilities


You were on level 2 of the Dungeon.
You visited 1 branch of the dungeon, and saw 2 of its levels.

You collected 91 gold pieces.

Inventory:

Hand Weapons
 d - a +2 dagger of venom (weapon)
Armour
 a - a +0 robe (worn)
 c - a +1 hat of willpower (worn)
Scrolls
 b - 2 scrolls of identify
Potions
 e - a potion of heal wounds {unknown}


   Skills:
 * Level 0.9 Short Blades
 - Level 2.4 Dodging
 * Level 3.3 Stealth
 + Level 3.5 Spellcasting
 + Level 5.6 Conjurations


You had 7 spell levels left.
You knew the following spells:

 Your Spells              Type           Power      Damage    Failure   Level
a - Magic Dart            Conj           100%       1d8       1%          1
b - Searing Ray           Conj           62%        2d6       1%          2

Your spell library contained the following spells:

 Spells                   Type           Power      Damage    Failure   Level
 Dazzling Flash           Conj/Hex       34%        N/A       10%         3
 Fulminant Prism          Conj/Hex       8%         3d7       32%         4
 Iskenderun's Mystic Bla  Conj/Tloc      17%        2d5       32%         4


Dungeon Overview and Level Annotations

Branches:
Dungeon (2/15)

Altars:


Message History

The magic dart hits the gnoll but does no damage.
The gnoll is heavily wounded.
The magic dart hits the gnoll.
The gnoll is severely wounded.
The gnoll closely misses you.
The magic dart hits the gnoll!
You kill the gnoll!
The gnoll hits you from afar with a +0 halberd.
The magic dart hits the gnoll.
The gnoll is moderately wounded.
The gnoll barely misses you.
The magic dart hits the gnoll.
The gnoll is moderately wounded.
The gnoll hits you from afar with a +0 halberd.
The gnoll closely misses you.
You are too depleted to draw on your mana recklessly!
You hit the gnoll but do no damage.
The gnoll is poisoned.
The gnoll is moderately wounded.
The gnoll misses you. The gnoll barely misses you.
You hit the gnoll.
The gnoll is severely wounded.
The gnoll closely misses you.
You hit the gnoll.
The gnoll looks even sicker.
The gnoll is almost dead.
The gnoll barely misses you. The gnoll misses you.
You hit the gnoll.
You kill the gnoll!
The gnoll hits you from afar with a +0 halberd.
The gnoll hits you with a +0 halberd!
Ouch! That really hurt!
* * * LOW HITPOINT WARNING * * *
Things that are here:
a +2 whip of electrocution; a +0 whip; a gnoll corpse You hit the gnoll.
The gnoll is poisoned.
The gnoll is lightly wounded.
The gnoll barely misses you.
You hit the gnoll but do no damage.
The gnoll looks as sick as possible!
The gnoll is lightly wounded.
The gnoll hits you with a +0 halberd!
You die...

.#.......########.###.#
###..#....# #.....#.#
.#....###.#####..#..#.#
#.#.......##.......##.#
#.##...##.##.....#....#
...#.).#####.....######
###..†.# #.....#
...#...# #..(..#
#.##..#### #....@#
#.#......#
#....?g......
###...##.#
#............
....'###.#
#.......)....
.#.#.....#
#####........
.#.####### #[.$.....
.#.##### #.>......
.#.....# #........
.#####.#


You could see a gnoll (extremely poisoned).

Vanquished Creatures
  3 gnolls (D:2)
  An adder (D:2)
  3 dart slugs
  4 ball pythons
  An endoplasm (D:1)
  2 giant cockroaches (D:2)
  5 goblins
  3 hobgoblins (D:1)
  4 jackals (D:1)
  5 kobolds
  3 quokkas
  2 bats (D:1)
  A frilled lizard (D:1)
  4 rats
41 creatures vanquished.

Notes
Turn   | Place    | Note
-------+----------+-------------------------------------------
     0 | D:1      | ytrimaz the Deep Elf Conjurer began the quest for the Orb.
     0 | D:1      | Reached XP level 1. HP: 10/10 MP: 6/6
   197 | D:1      | Reached XP level 2. HP: 15/15 MP: 5/8
   411 | D:1      | Reached skill level 5 in Conjurations
   677 | D:1      | Reached XP level 3. HP: 19/19 MP: 0/9
   680 | D:1      | Learned a level 2 spell: Searing Ray
  1470 | D:2      | Reached XP level 4. HP: 24/24 MP: 6/11
  1483 | D:2      | Slain by a gnoll

Illustrated notes

Levels and vault maps discovered:
D:1:      minmay_arrival_four_loops, layout_basic, minmay_misc_feat_doors
D:2:      layout_basic, shapermc_ecumenical_altar_hornbeckon, basic_altar,
          minmay_ruptured

Skill      XL: |  1  2 |
---------------+-------+-----
Conjurations   | 5 |  5.6
Stealth        | 3 |  3.3
Short Blades   | |  0.9
Dodging        | |  2.4
Spellcasting   | |  3.5

Action                   |  1- 3 |  4- 6 || total
-------------------------+-------+-------++-------
Melee: Dagger            |     1 |     6 ||     7
 Cast: Magic Dart        |    76 |     7 ||    83
  Use: Scroll            |     4 |       ||     4
Armor: Robe              |     1 |       ||     1
Dodge: Dodged            |     4 |     9 ||    13

Table legend: (Time is in decaauts)
 A = Elapsed time spent in this place.
 B = Non-inter-level travel time spent in this place.
 C = Inter-level travel time spent in this place.
 D = Time resting spent in this place.
 E = Time spent auto-exploring this place.
 F = Levels seen in this place.
 G = Mean time per level.
                   A        B        C        D        E       F      G
               +--------+--------+--------+--------+--------+-----+--------+
         Total |   1482 |   1474 |      8 |      0 |   1292 |   2 |  741.0 |
       Dungeon |   1482 |   1474 |      8 |      0 |   1292 |   2 |  741.0 |
               +--------+--------+--------+--------+--------+-----+--------+

Top non-repeatable levels by time:
     D:1: 971 daAuts
     D:2: 510 daAuts
